 Dungeon Crawl Stone Soup version 0.24-a0-429-g4608c8fa30 (webtiles) character file.

Game seed: 14398428241657116710

152395 Azzok the Executioner (level 18, -1/138 HPs)
             Began as a Formicid Fighter on June 13, 2019.
             Was the Champion of Okawaru.
             Slain by a four-headed hydra (3 damage)
             ... on level 3 of the Swamp.
             The game lasted 01:10:01 (34333 turns).

Azzok the Executioner (Formicid Fighter)           Turns: 34333, Time: 01:10:02

Health: -1/138     AC: 17    Str: 40    XL:     18   Next: 20%
Magic:  23/25      EV: 13    Int: 10    God:    Okawaru [******]
Gold:   2559       SH: 17    Dex: 10    Spells: 17/17 levels left

rFire    + . .     SeeInvis +   b - +1 hand axe (flame)
rCold    + + .     Gourm    .   G - +2 shield {rC+}
rNeg     . . .     Faith    .   o - +0 swamp dragon scales
rPois    +         Spirit   .   (helmet unavailable)
rElec    .         Reflect  .   u - scarf {rC+ rF+}
rCorr    .         Harm     .   c - +1 pair of gloves {Str+3}
MR       +....                  P - +0 pair of boots {Stlth+}
Stlth    +++.......             F - amulet of regeneration
HPRegen  0.73/turn              A - +4 ring of strength
MPRegen  0.19/turn              w - +6 ring of strength

@: heroism
A: permanent stasis, dig shafts and tunnels, four strong arms, antennae 3
a: Dig, Shaft Self, Heroism, Finesse, Renounce Religion


You were on level 3 of the Swamp.
You worshipped Okawaru.
Okawaru was exalted by your worship.
You were full.

You visited 4 branches of the dungeon, and saw 27 of its levels.
You also visited: Sewer, Gauntlet and Volcano.

You collected 2909 gold pieces.
You spent 350 gold pieces at shops.

Inventory:

Hand Weapons
 a - a +2 broad axe of draining
 b - a +1 hand axe of flaming (weapon)
 y - a +2 vampiric war axe
 K - the +9 quarterstaff "Sezaenir" {venom, -Tele rC+ Str+3 Stlth+}
   (You found it on level 10 of the Dungeon)

   It poisons the flesh of those it strikes.
   It affects your strength (+3).
   It protects you from cold.
   It prevents most forms of teleportation.
   It makes you more stealthy.
Missiles
 d - 5 throwing nets (quivered)
Armour
 c - a +1 pair of gloves of strength (worn)
 o - +0 swamp dragon scales (worn)
 u - a scarf of resistance (worn)
 G - a +2 shield of cold resistance (worn)
 P - a +0 pair of boots of stealth (worn)
 S - a +1 crystal plate armour
 U - a +2 large shield
Jewellery
 l - an uncursed ring of positive energy
 w - a +6 ring of strength (right hand)
 A - a +4 ring of strength (left hand)
 F - an amulet of regeneration (around neck)
 M - an uncursed ring of protection from cold
 T - an uncursed ring of protection from cold
Wands
 q - a wand of digging (20)
 x - a wand of clouds (10)
 z - a wand of random effects (21)
 C - a wand of paralysis (15)
 J - a wand of iceblast (15)
 N - a wand of polymorph (21)
 Q - a wand of acid (22)
 R - a wand of enslavement (12)
Scrolls
 h - 8 scrolls of identify
 i - 6 scrolls of enchant armour
 k - 6 scrolls of magic mapping
 m - 3 scrolls of enchant weapon
 n - 4 scrolls of fear
 v - 6 scrolls of fog
 D - 3 scrolls of holy word
 H - 19 scrolls of remove curse
 I - 4 scrolls of immolation
 L - a scroll of torment
 O - a scroll of brand weapon
Potions
 e - 5 potions of agility
 g - 3 potions of ambrosia
 j - 10 potions of lignification
 p - 3 potions of heal wounds
 r - 2 potions of might
 s - 12 potions of curing
 t - 3 potions of invisibility
 B - a potion of cancellation
 E - 4 potions of mutation {!q}
Comestibles
 f - 41 rations


   Skills:
 - Level 11.4(16.4) Fighting
 + Level 21.2(26.2) Axes
 + Level 13.9(18.9) Armour
 - Level 9.0(14.0) Shields
 - Level 10.0 Invocations
 - Level 10.1 Evocations


You had 17 spell levels left.
You didn't know any spells.
Your spell library contained the following spells:

 Spells                   Type           Power        Failure   Level  Hunger
 Animate Skeleton         Necr           N/A          41%         1    ##.....
 Apportation              Tloc           #.....       41%         1    ##.....
 Confusing Touch          Hex            #.....       41%         1    ##.....
 Corona                   Hex            #......      41%         1    ##.....
 Infusion                 Chrm           #...         41%         1    ##.....
 Pain                     Necr           #...         41%         1    ##.....
 Sandblast                Erth           #.....       41%         1    ##.....
 Shock                    Conj/Air       #...         41%         1    ##.....
 Summon Butterflies       Summ           #.......     41%         1    ##.....
 Summon Small Mammal      Summ           #...         41%         1    ##.....
 Call Imp                 Summ           #.......     54%         2    ###....
 Ensorcelled Hibernation  Hex/Ice        #.....       54%         2    ###....
 Passwall                 Tmut/Erth      #.......     54%         2    ###....
 Shroud of Golubria       Chrm/Tloc      #.....       54%         2    ###....
 Song of Slaying          Chrm           #.......     54%         2    ###....
 Swiftness                Chrm/Air       #.......     54%         2    ###....
 Call Canine Familiar     Summ           #.......     78%         3    ####...
 Confuse                  Hex            #.......     78%         3    ####...
 Dazzling Spray           Conj/Hex       #.....       78%         3    ####...
 Regeneration             Chrm/Necr      #.........   78%         3    ####...
 Spectral Weapon          Hex/Chrm       #.......     78%         3    ####...
 Static Discharge         Conj/Air       #.......     78%         3    ####...
 Stone Arrow              Conj/Erth      #.....       78%         3    ####...
 Summon Guardian Golem    Hex/Summ       #.......     78%         3    ####...
 Tukima's Dance           Hex            #.......     78%         3    ####...
 Vampiric Draining        Necr           #.........   78%         3    ####...
 Airstrike                Air            #.........   99%         4    #####..
 Animate Dead             Necr           N/A          99%         4    #####..
 Petrify                  Tmut/Erth      #.......     99%         4    #####..
 Summon Ice Beast         Ice/Summ       #.......     99%         4    #####..
 Summon Lightning Spire   Summ/Air       #.......     99%         4    #####..
 Fireball                 Conj/Fire      #.........   100%        5    ######.
 Iskenderun's Battlesphe  Conj/Chrm      #.......     100%        5    ######.
 Lee's Rapid Deconstruct  Erth           #.........   100%        5    ######.
 Lightning Bolt           Conj/Air       #.........   100%        5    ######.
 Summon Mana Viper        Hex/Summ       #.......     100%        5    ######.
 Summon Hydra             Summ           #.........   100%        7    #######
 Ignition                 Fire           #.........   100%        8    #######


Dungeon Overview and Level Annotations

Branches:
Dungeon (15/15)            Temple (0/1) D:6            Lair (6/6) D:11
  Swamp (4/4) Lair:4        Snake (0/4) Lair:3        Slime (0/5) Lair:5
    Orc (2/2) D:11            Elf (0/3) Orc:2        Vaults (0/5) D:14
 Depths (0/5) D:15

Altars:
Ashenzari
Cheibriados
Dithmenos
Gozag
Hepliaklqana
Okawaru
Ru
Wu Jian
Jiyva

Shops:
D:9 (   Orc:2 %(:?

Annotations:
D:9 1 runed translucent door, Lanoc's ghost, journeyman MfFi
Orc:1 3 runed translucent doors, Feni's ghost, novice DrTm


Innate Abilities, Weirdness & Mutations

You cannot be hasted, slowed, berserked, paralysed or teleported.
You can dig through walls and to a lower floor.
Your four strong arms can wield two-handed weapons with a shield.
You have a pair of large antennae on your head. (SInv)


Message History

* * * LOW HITPOINT WARNING * * *
The five-headed hydra misses you. The five-headed hydra bites you.
* * * LOW HITPOINT WARNING * * *
You gain the combat prowess of a mighty hero.
You block the five-headed hydra's attack.
The five-headed hydra misses you. The five-headed hydra bites you!
* * * LOW HITPOINT WARNING * * *
You block the five-headed hydra's attack.
The five-headed hydra bites you!
* * * LOW HITPOINT WARNING * * *
You slice one of the five-headed hydra's heads off!
The flame cauterises the wound!
You slash the four-headed hydra! You burn the four-headed hydra.
The four-headed hydra is lightly wounded.
The four-headed hydra bites you but does no damage.
You block the four-headed hydra's attack.
The four-headed hydra bites you!
* * * LOW HITPOINT WARNING * * *
The four-headed hydra bites you.
You die...

≈≈≈····≈≈·≈≈≈≈≈≈≈···♣♣♣≈≈≈≈≈≈≈≈·≈
≈≈≈♣♣·≈≈≈·····≈≈≈·≈≈··≈≈···≈≈≈·≈≈
♣♣♣♣♣·≈·♣♣♣♣♣≈≈≈♣♣·≈····≈··≈····≈
♣ ♣♣♣♣♣ ♣≈♣♣♣♣≈·≈♣·≈≈≈·≈≈♣·≈≈
♣≈≈♣♣♣♣♣♣♣♣♣♣≈§··≈≈≈≈≈♣♣♣·≈≈
♣·≈·≈♣♣>··♣≈·≈≈≈·≈≈≈≈·♣♣≈·≈≈
♣···♣·≈≈≈≈···≈≈≈·≈≈≈··≈♣♣·≈≈
♣♣♣♣♣♣♣)≈≈≈≈··§♣♣♣♣≈≈≈·····♣♣·
♣♣♣·≈·····÷≈···@♣♣ ♣♣♣≈≈≈(≈≈≈≈·
♣♣·····≈≈≈···≈≈≈D·♣ ♣≈≈≈≈≈§···
♣≈·≈≈·≈≈≈≈··≈≈≈≈≈≈♣♣♣♣ ♣≈≈≈≈≈≈···
♣♣····≈≈≈(♣♣·≈≈≈≈≈·≈≈♣ ♣♣·≈≈≈·≈≈·
♣♣♣♣♣≈·≈≈♣♣♣♣≈≈≈···≈♣♣ ♣≈≈≈≈·≈≈≈
♣♣♣≈[≈≈≈·♣ ♣·≈·≈≈♣♣♣ ♣♣·≈≈≈·≈≈≈
·♣·≈≈≈≈≈♣♣ ♣♣♣♣♣♣♣♣♣ ♣♣≈≈≈≈···≈≈
§≈≈≈≈·≈·♣♣♣♣♣≈≈≈≈··≈♣♣♣····♣♣♣≈≈≈
≈·····≈···♣♣§·≈≈≈≈≈≈·♣♣·▒▒▒▒▒♣♣♣♣


You could see a four-headed hydra.

Vanquished Creatures
  Rupert (D:15)
  Gastronok (Orc:1)
  2 thorn hunters
  Louise (Swamp:3)
  An ironheart preserver (D:14)
  A red draconian (Volcano)
  A minotaur (Gauntlet)
  Josephine (D:15)
  An ogre mage (Volcano)
  Erolcha (Orc:2)
  Harold (D:8)
  Fannar (Orc:1)
  3 catoblepae
  20 hydras
  4 centaur warriors
  6 two-headed ogres
  Erica (Orc:1)
  A shambling mangrove (Swamp:3)
  2 ghost crabs
  A death knight (D:15)
  16 alligators
  A deep troll shaman (Lair:6)
  9 death yaks (Lair:6)
  A tengu warrior (D:14)
  5 orc high priests (Orc:2)
  Urug (Orc:2)
  A sixfirhy (Gauntlet)
  A spriggan druid (Swamp:4)
  5 skeletal warriors (D:15)
  7 swamp dragons
  A golden dragon zombie (D:15)
  2 unseen horrors
  A flayed ghost (D:15)
  2 wizards
  8 orc knights (Orc:2)
  A lindwurm (Lair:6)
  A necromancer (D:15)
  A phantasmal warrior (D:15)
  2 orc sorcerers
  2 deep elf magi
  A wolf spider zombie (D:15)
  4 oklob plants
  14 ugly things
  3 cyclopes
  4 manticores
  Maurice (D:9)
  A frost giant zombie (D:15)
  3 black mambas
  3 centaur zombies
  9 elephants
  23 spiny frogs
  3 gargoyles
  3 rime drakes
  2 kobold demonologists
  6 komodo dragons
  A freezing wraith (D:15)
  11 trolls
  5 hornets
  A polar bear (Lair:6)
  12 tyrant leeches
  Prince Ribbit (D:7)
  A queen bee (shapeshifter) (D:15)
  15 blink frogs
  A deep troll zombie (D:15)
  A raiju (shapeshifter) (D:15)
  8 bog bodies
  14 slime creatures
  12 hippogriffs
  9 dream sheep
  2 shadows
  3 spriggans
  2 vampires
  A wyvern (D:10)
  A spriggan skeleton (D:15)
  7 wraiths
  27 yaks
  4 basilisks
  4 fire bats (Volcano)
  Eustachio (D:5)
  4 hungry ghosts
  A steam dragon (Lair:6)
  19 vampire mosquitoes
  Menkaure (D:5)
  5 nagas (Lair:3)
  5 insubstantial wisps (Swamp:2)
  3 acid dragons
  13 swamp worms
  13 porcupines
  14 water moccasins
  5 sky beasts
  2 floating eyes
  5 black bears
  10 swamp drakes
  4 ice beasts
  4 necrophages
  10 ogres
  35 orc warriors
  A phantom (D:9)
  8 wolves
  7 centaurs
  14 crocodiles
  8 big kobolds
  16 bullfrogs
  4 gnoll sergeants
  A wyvern skeleton (D:11)
  3 scorpions
  4 killer bees (D:8)
  A howler monkey (D:9)
  4 wights (D:7)
  2 electric eels
  5 lava snakes (Volcano)
  6 crimson imps
  2 bullfrog zombies
  A quasit (D:9)
  3 bullfrog skeletons
  9 hounds
  A jelly (D:15)
  2 gnoll shamans (D:6)
  35 orc priests
  12 orc wizards
  4 iguanas
  3 centaur skeletons
  8 worker ants
  2 hound skeletons
  2 howler monkey skeletons
  11 gnolls
  17 adders
  3 river rats (D:5)
  3 shadow imps
  2 ufetubi (Gauntlet)
  An ooze (D:1)
  An adder skeleton (D:8)
  A worm (D:5)
  3 dart slugs
  2 leopard geckos
  80 orcs
  7 giant cockroaches
  4 goblins
  4 hobgoblins (D:2)
  13 jackals
  2 quokkas (D:4)
  6 ball pythons
  8 bats
  11 frilled lizards
  22 kobolds
  3 leopard gecko skeletons
  12 rats
  8 briar patches (Swamp:1)
  2 fungi
  5 plants
895 creatures vanquished.

Vanquished Creatures (others)
  2 alligators (Swamp:4)
  A tyrant leech (Swamp:4)
  A hornet (Swamp:4)
  2 swamp worms (Swamp:4)
  A briar patch (Swamp:1)
  A bush (Lair:6)
  13 fungi
  29 plants
  3 withered plants
53 creatures vanquished.

Grand Total: 948 creatures vanquished

Notes
Turn   | Place    | Note
-------+----------+-------------------------------------------
     0 | D:1      | Azzok the Formicid Fighter began the quest for the Orb.
     0 | D:1      | Reached XP level 1. HP: 18/18 MP: 1/1
   156 | D:1      | Reached XP level 2. HP: 20/24 MP: 2/2
   277 | D:1      | Reached skill level 3 in Axes
   569 | D:1      | Reached XP level 3. HP: 29/29 MP: 3/3
  1889 | D:2      | Reached XP level 4. HP: 35/35 MP: 4/4
  2157 | D:2      | Reached skill level 4 in Axes
  2525 | D:3      | Found a snail-covered altar of Cheibriados.
  3325 | D:4      | Found a shadowy altar of Dithmenos.
  3373 | D:4      | Reached XP level 5. HP: 31/41 MP: 5/5
  3460 | D:4      | Reached skill level 5 in Shields
  3541 | D:4      | Reached skill level 5 in Axes
  3541 | D:4      | Reached XP level 6. HP: 23/47 MP: 6/6
  3640 | D:4      | Found a glowing drain.
  3679 | Sewer    | Entered a sewer
  4236 | D:4      | Found a hazy altar of Hepliaklqana.
  4269 | D:4      | Reached XP level 7. HP: 4/52 MP: 7/7
  5148 | D:5      | Entered Level 5 of the Dungeon
  5172 | D:5      | Noticed Menkaure
  5189 | D:5      | Killed Menkaure
  5189 | D:5      | Reached skill level 6 in Axes
  5621 | D:5      | Reached XP level 8. HP: 40/57 MP: 8/8
  5999 | D:5      | Noticed Eustachio
  6017 | D:5      | Killed Eustachio
  6017 | D:5      | Reached skill level 7 in Axes
  6545 | D:6      | Found an iron altar of Okawaru.
  6568 | D:6      | Became a worshipper of Warmaster Okawaru
  7078 | D:5      | Reached skill level 1 in Invocations
  7155 | D:5      | Reached XP level 9. HP: 33/63 MP: 10/10
  7388 | D:6      | Reached skill level 8 in Axes
  7654 | D:6      | Found an opulent altar of Gozag.
  7893 | D:6      | Found a staircase to the Ecumenical Temple.
  8242 | D:7      | Reached * piety under Okawaru
  8253 | D:7      | Reached skill level 5 in Invocations
  8403 | D:7      | Reached skill level 9 in Axes
  8785 | D:7      | Noticed Prince Ribbit
  8898 | D:7      | Killed Prince Ribbit
  8898 | D:7      | Reached XP level 10. HP: 49/69 MP: 11/15
  9279 | D:7      | Reached ** piety under Okawaru
  9279 | D:7      | Reached skill level 10 in Axes
  9430 | D:7      | Found a sacrificial altar of Ru.
  9938 | D:8      | Found an ornate altar of the Wu Jian Council.
 10698 | D:8      | Noticed Harold
 10717 | D:8      | Killed Harold
 10750 | D:8      | Reached skill level 11 in Axes
 11079 | D:8      | Reached *** piety under Okawaru
 11106 | D:8      | Reached skill level 10 in Invocations
 11112 | D:8      | Reached XP level 11. HP: 36/74 MP: 18/18
 11315 | D:8      | Noticed a three-headed hydra
 11323 | D:8      | Killed a one-headed hydra
 11323 | D:8      | Reached **** piety under Okawaru
 11326 | D:8      | Reached skill level 12 in Axes
 11586 | D:9      | Noticed a wizard
 11600 | D:9      | Killed a wizard
 11628 | D:9      | Noticed an orc sorcerer
 11665 | D:9      | Noticed a soul eater
 11672 | D:9      | Killed an orc sorcerer
 11672 | D:9      | Reached ***** piety under Okawaru
 11730 | D:9      | Found Qoej's Antique Weapon Emporium.
 11789 | D:9      | Found a runed translucent door.
 11790 | D:9      | Noticed Lanoc's ghost (journeyman MfFi)
 11882 | D:9      | Noticed Maurice
 11903 | D:9      | Killed Maurice
 11903 | D:9      | Reached skill level 13 in Axes
 12298 | D:10     | Entered Level 10 of the Dungeon
 12519 | D:10     | Got a fine quarterstaff
 12530 | D:10     | Identified the +9 quarterstaff "Sezaenir" {venom, -Tele rC+
                  | Str+3 Stlth+} (You found it on level 10 of the Dungeon)
 12850 | D:10     | Noticed an unseen horror
 12863 | D:10     | Killed an unseen horror
 13070 | D:10     | Found a shattered altar of Ashenzari.
 13268 | D:11     | Reached skill level 14 in Axes
 13308 | D:11     | Noticed a four-headed hydra
 13320 | D:11     | Killed a four-headed hydra
 13320 | D:11     | Reached XP level 12. HP: 18/80 MP: 16/19
 13499 | D:11     | Found a staircase to the Orcish Mines.
 13756 | D:11     | Reached ****** piety under Okawaru
 13991 | D:11     | Reached skill level 15 in Axes
 14042 | D:11     | Found a staircase to the Lair.
 14090 | D:11     | Received a gift from Okawaru
 14411 | Lair:1   | Entered Level 1 of the Lair of Beasts
 14448 | Lair:1   | Reached skill level 1 in Evocations
 15471 | Lair:1   | Noticed a four-headed hydra
 15488 | Lair:1   | Killed a one-headed hydra
 15888 | Lair:2   | Noticed a five-headed hydra
 15910 | Lair:2   | Killed a one-headed hydra
 15910 | Lair:2   | Reached skill level 5 in Evocations
 15918 | Lair:2   | Reached XP level 13. HP: 33/86 MP: 17/20
 16152 | Lair:2   | Reached skill level 16 in Axes
 17680 | Lair:3   | Received a gift from Okawaru
 18240 | Lair:3   | Found a staircase to the Snake Pit.
 18503 | Lair:4   | Noticed a catoblepas
 18513 | Lair:4   | Killed a catoblepas
 19133 | Lair:4   | Reached skill level 17 in Axes
 19379 | Lair:4   | Found a staircase to the Swamp.
 19485 | Lair:5   | Found a gate leading to a gauntlet.
 19497 | Gauntlet | Entered a Gauntlet
 19497 | Gauntlet | Found a large runed translucent door.
 19497 | Gauntlet | Found a large runed translucent door.
 19497 | Gauntlet | Found a large runed translucent door.
 19497 | Gauntlet | Found a large runed translucent door.
 19497 | Gauntlet | Found a runed translucent door.
 19497 | Gauntlet | Found a large runed translucent door.
 19497 | Gauntlet | Found a large runed translucent door.
 19497 | Gauntlet | Found a transporter.
 19497 | Gauntlet | Found a transporter.
 19497 | Gauntlet | Found a large runed translucent door.
 19497 | Gauntlet | Found a large runed translucent door.
 19497 | Gauntlet | Found a runed translucent gate.
 19497 | Gauntlet | Found a runed translucent gate.
 19497 | Gauntlet | Found a transporter.
 19527 | Gauntlet | Found a runed translucent door.
 19527 | Gauntlet | Found a runed translucent gate.
 19528 | Gauntlet | Found a large runed translucent door.
 19528 | Gauntlet | Found a large runed translucent door.
 19528 | Gauntlet | Found a large runed translucent door.
 19528 | Gauntlet | Found a large runed translucent door.
 19529 | Gauntlet | Found a large runed translucent door.
 19529 | Gauntlet | Found a large runed translucent door.
 19530 | Gauntlet | Found a large runed translucent door.
 19530 | Gauntlet | Found a large runed translucent door.
 19534 | Gauntlet | Found a transporter.
 19545 | Gauntlet | Found the +1 cloak of Starlight {rElec rC+ EV+4 Stlth--}
 19546 | Gauntlet | Found a transporter.
 19560 | Gauntlet | Found a transporter.
 19572 | Gauntlet | Found a transporter.
 19574 | Gauntlet | Noticed a catoblepas
 19587 | Gauntlet | Found a transporter.
 19593 | Gauntlet | Found a transporter.
 19607 | Gauntlet | Found a transporter.
 19611 | Gauntlet | Noticed an anaconda
 19611 | Gauntlet | a faun changed into an anaconda
 19613 | Gauntlet | an anaconda changed into a shock serpent
 19626 | Gauntlet | Found a transporter.
 19629 | Gauntlet | Found a transporter.
 19942 | Gauntlet | Killed a catoblepas
 19942 | Gauntlet | Reached XP level 14. HP: 57/93 MP: 21/21
 20065 | Gauntlet | Identified the +5 chain mail of the Farrier {+Inv MR-
                  | Int+5}
 20065 | Gauntlet | Noticed a minotaur
 20087 | Gauntlet | Killed a minotaur
 20087 | Gauntlet | Received a gift from Okawaru
 20087 | Gauntlet | Reached skill level 10 in Evocations
 20108 | Gauntlet | Identified the Compendium of Rubbish
 20110 | Gauntlet | Got a slimy cloak
 20111 | Gauntlet | Identified the +1 cloak of the Black Moon {rF+ rN+} (You
                  | found it in a Gauntlet)
 20439 | Lair:5   | Found a staircase to the Slime Pits.
 20439 | Lair:5   | Found a viscous altar of Jiyva.
 21175 | Lair:6   | Entered Level 6 of the Lair of Beasts
 21328 | Lair:6   | Reached skill level 18 in Axes
 22273 | Lair:6   | Received a gift from Okawaru
 22279 | Lair:6   | Reached skill level 5 in Armour
 22289 | Lair:6   | Received a gift from Okawaru
 22442 | Lair:6   | Reached XP level 15. HP: 98/98 MP: 22/22
 22744 | Orc:1    | Entered Level 1 of the Orcish Mines
 22837 | Orc:1    | Found a runed translucent gate.
 22838 | Orc:1    | Found a runed translucent gate.
 22896 | Orc:1    | Noticed Fannar
 22920 | Orc:1    | Killed Fannar
 23030 | Orc:1    | Found a runed translucent gate.
 23031 | Orc:1    | Noticed Erica
 23046 | Orc:1    | Killed Erica
 23150 | Orc:1    | Noticed Feni's ghost (novice DrTm)
 23161 | Orc:2    | Entered Level 2 of the Orcish Mines
 23174 | Orc:2    | Noticed Erolcha
 23185 | Orc:2    | Killed Erolcha
 23185 | Orc:2    | Reached skill level 19 in Axes
 23200 | Orc:2    | Found a dark tunnel.
 23200 | Orc:2    | Found a staircase to the Elven Halls.
 23209 | Volcano  | Entered a volcano
 23355 | Volcano  | Found a burning altar of Makhleb.
 23385 | Volcano  | Reached skill level 5 in Fighting
 23479 | Orc:1    | Noticed Gastronok
 23534 | Orc:1    | Killed Gastronok
 24016 | Orc:2    | Received a gift from Okawaru
 24027 | Orc:2    | Noticed Urug
 24059 | Orc:2    | Killed Urug
 25071 | Orc:2    | Found Umyt's Weapon Emporium.
 25071 | Orc:2    | Found Uculok's Food Emporium.
 25156 | Orc:2    | Found Zunas's Magic Scroll Emporium.
 25156 | Orc:2    | Found Ace Riso's Book Shoppe.
 25164 | Orc:2    | Bought a scroll of magic mapping for 52 gold pieces
 25164 | Orc:2    | Bought a scroll of identify for 30 gold pieces
 25169 | Orc:2    | Bought a +2 broad axe of draining for 268 gold pieces
 26379 | D:13     | Reached XP level 16. HP: 115/115 MP: 23/23
 26896 | D:14     | Received a gift from Okawaru
 27334 | D:14     | Found a gate to the Vaults.
 27341 | D:14     | Reached skill level 10 in Armour
 27753 | D:15     | Entered Level 15 of the Dungeon
 27998 | D:15     | Found a staircase to the Depths.
 28123 | D:15     | Reached skill level 20 in Axes
 28125 | D:15     | Noticed Rupert
 28125 | D:15     | Noticed Josephine
 28152 | D:15     | Killed Josephine
 28170 | D:15     | Killed Rupert
 28170 | D:15     | Received a gift from Okawaru
 28356 | D:15     | Reached skill level 10 in Fighting
 28428 | D:15     | Received a gift from Okawaru
 29177 | D:15     | Got a crude chain mail {god gift}
 29178 | D:15     | Identified the +0 chain mail of Okawaru's Vengeance {rC+
                  | MR+} (Okawaru gifted it to you on level 15 of the Dungeon)
 29388 | Swamp:1  | Entered Level 1 of the Swamp
 29600 | Swamp:1  | Noticed a thorn hunter
 29617 | Swamp:1  | Killed a thorn hunter
 29617 | Swamp:1  | Reached XP level 17. HP: 32/129 MP: 24/24
 31580 | Swamp:3  | Received a gift from Okawaru
 32130 | Swamp:3  | Noticed Louise
 32144 | Swamp:3  | Killed Louise
 32582 | Swamp:4  | Entered Level 4 of the Swamp
 33325 | Swamp:3  | Reached skill level 21 in Axes
 33335 | Swamp:4  | Noticed a thorn hunter
 33355 | Swamp:4  | Killed a thorn hunter
 33459 | Swamp:3  | Reached XP level 18. HP: 83/138 MP: 25/25
 33602 | Swamp:3  | Received a gift from Okawaru
 34333 | Swamp:3  | HP: 2/138 [four-headed hydra (12)]
 34333 | Swamp:3  | Slain by a four-headed hydra

Levels and vault maps discovered:
D:1:      psy_arrival_radial01, layout_basic
D:2:      layout_loops_corners
D:3:      layout_basic, cheibriados_altar_1
D:4:      layout_basic, lemuel_crystal_altar, nicolae_ossuary_entry_plus,
          first_ration, portal_sewer_entry_a, grunt_dithmenos_smoke
D:5:      wad_woods_settlement, layout_basic, uniq_menkaure, uniq_eustachio
D:6:      layout_cave_pools, okawaru_gym_becter, grunt_gozag_breadcrumbs,
          minmay_temple_entry_glass, serial_gnoll_camp,
          gnoll_camp_mini_loothouse, gnoll_camp_mini_basic, gnoll_camp_mini_hut,
          gnoll_camp_mini_hut, gnoll_camp_mini_hut, gnoll_camp_mini_hut
D:7:      layout_gridville, marbit_many_paths, uniq_prince_ribbit1
D:8:      layout_basic, kennysheep_little_box, hangedman_ranch
          [blue_anna_fruit_fields], uniq_harold
D:9:      cheibrodos_wizards_tower, layout_basic, gammafunk_ghost_grave,
          serial_shops, nicolae_shop_statue_plus, nicolae_straight_to_the_point,
          uniq_maurice
D:10:     layout_roguey, nicolae_ashenzari_panopticon
D:11:     layout_gridville, minmay_lair_entry_grove, orc_0_dummy, st_stairs_13,
          fountainhead
D:12:     layout_cave_pools
D:13:     layout_stronghold, minivault_11, minivault_26
D:14:     layout_loops_ring, skrybe_vaults_entry_preservation, drop_trap
D:15:     gammafunk_depths_entry_grave, layout_basic, serial_curves,
          eino_curves_04, eino_curves_04, minivault_22, uniq_josephine,
          uniq_rupert
Lair:1:   layout_cave_pods, grunt_megastairs_3
Lair:2:   layout_small_grid, infiniplex_staircase_pool
Lair:3:   layout_misc_corridors, minmay_snake_entry_guardpost_medium,
          serial_bayou_pond_c
Lair:4:   layout_regular_city, minmay_swamp_entry_worms, beast_lair_carwin_11
Lair:5:   layout_gridlike, slime_altar_1, gauntlet_entry_generic,
          lookout_lair_type, disabler_island
Lair:6:   grunt_lair_end_beastmaster, layout_regular_city, guppyfry_lair_drakes,
          grunt_megastairs_4
Swamp:1:  layout_basic_swamp, evilmike_swamp_ruin_house_2
Swamp:2:  layout_falls_marsh, nicolae_swamp_feature_on_the_river_bank
Swamp:3:  layout_basic_swamp, evilmike_swamp_ruin_house_6, uniq_louise
Swamp:4:  swamp_basic_johnstein, layout_basic_swamp
Orc:1:    layout_caves, ebering_ghost_rock_garden, uniq_fannar, uniq_gastronok,
          uniq_erica
Orc:2:    st_orc_pillars, layout_diamond_mine, enter_volcano_2, special_room,
          uniq_urug, uniq_erolcha

Skill      XL: |  1  2  3  4  5  6  7  8  9 10 11 12 13 14 15 16 17 |
---------------+----------------------------------------------------+-----
Axes           | 3 4 5 6 7 9 11 14 15 17 18 19 20 21 | 21.2
Shields        | 4 5 6 7 8 9 |  9.0
Invocations    | 2 6 10 | 10.0
Evocations     | 5 9 10 | 10.1
Armour         | 6 9 11 13 | 13.9
Fighting       | 7 10 11 | 11.4

Action                   |  1- 3 |  4- 6 |  7- 9 | 10-12 | 13-15 | 16-18 || total
-------------------------+-------+-------+-------+-------+-------+-------++-------
Melee: War axe           |   126 |   169 |   296 |   246 |  1096 |  1090 ||  3023
       Hand axe          |       |       |    70 |   241 |   317 |    28 ||   656
       Quarterstaff      |       |       |       |   284 |       |       ||   284
       Broad axe         |       |       |       |       |       |    33 ||    33
Invok: Heroism           |       |       |     2 |     7 |    21 |     6 ||    36
       Finesse           |       |       |       |       |     3 |     1 ||     4
Evoke: Wand              |       |       |     1 |     1 |    17 |    48 ||    67
  Use: Potion            |       |     2 |       |     4 |     2 |       ||     8
       Scroll            |       |       |    17 |     6 |    11 |     4 ||    38
 Stab: Distracted        |       |       |       |     1 |       |       ||     1
       Petrified         |       |       |       |       |     7 |       ||     7
       Invisible         |       |       |       |       |     2 |       ||     2
       Petrifying        |       |       |       |       |     2 |       ||     2
       Paralysed         |       |       |       |       |     4 |     5 ||     9
  Eat: Chunk             |     3 |     8 |    12 |    29 |    25 |    14 ||    91
       Ration            |       |       |     1 |       |     3 |     5 ||     9
Armor: Scale mail        |    65 |    70 |    53 |       |       |       ||   188
       Chain mail        |       |       |    34 |   191 |       |       ||   225
       Plate armour      |       |       |       |    29 |   311 |     4 ||   344
       Crystal plate arm |       |       |       |       |       |   627 ||   627
       Swamp dragon scal |       |       |       |       |       |    32 ||    32
Dodge: Dodged            |    31 |    54 |   118 |   169 |   283 |   269 ||   924
Block: Shield            |    73 |    94 |   208 |   421 |   663 |   850 ||  2309

Table legend:
 A = Non-vault XP
 B = Vault XP
 C = Vault XP percentage of total XP
 D = Non-vault monster count
 E = Vault monster count
 F = Vault count percentage of total count
                 A         B        C        D         E       F
            +---------+---------+-------+---------+---------+-------
      Total |  131239 |   86469 |  39.7 |     624 |     262 |  29.6
            +---------+---------+-------+---------+---------+-------
        D:1 |      44 |       0 |   0.0 |      24 |       0 |   0.0
        D:2 |      43 |       0 |   0.0 |      20 |       0 |   0.0
        D:3 |      22 |       0 |   0.0 |       8 |       0 |   0.0
        D:4 |     463 |       5 |   1.1 |      22 |       4 |  15.4
        D:5 |     662 |     448 |  40.4 |      16 |       8 |  33.3
        D:6 |     372 |     559 |  60.0 |      18 |      12 |  40.0
        D:7 |    1604 |     286 |  15.1 |      34 |       1 |   2.9
        D:8 |    1248 |    3178 |  71.8 |      30 |       9 |  23.1
        D:9 |    1036 |    1757 |  62.9 |      18 |       3 |  14.3
       D:10 |    2926 |       0 |   0.0 |      23 |       0 |   0.0
       D:11 |    3326 |    2041 |  38.0 |      26 |      13 |  33.3
       D:12 |    3316 |       0 |   0.0 |      21 |       0 |   0.0
       D:13 |    2572 |       0 |   0.0 |      10 |       0 |   0.0
       D:14 |   10940 |    4203 |  27.8 |      25 |       9 |  26.5
       D:15 |   16821 |    9087 |  35.1 |      43 |      13 |  23.2
     Lair:1 |    3372 |    1380 |  29.0 |      14 |       7 |  33.3
     Lair:2 |    6284 |       0 |   0.0 |      22 |       0 |   0.0
     Lair:3 |    3617 |     806 |  18.2 |      15 |       5 |  25.0
     Lair:4 |    5163 |    2189 |  29.8 |      17 |       6 |  26.1
     Lair:5 |    1313 |    2194 |  62.6 |       6 |       5 |  45.5
     Lair:6 |    6705 |   15629 |  70.0 |      29 |      36 |  55.4
    Swamp:1 |   12302 |       0 |   0.0 |      25 |       0 |   0.0
    Swamp:2 |   11730 |       0 |   0.0 |      30 |       0 |   0.0
    Swamp:3 |   17195 |    4560 |  21.0 |      39 |       4 |   9.3
    Swamp:4 |   12514 |    9544 |  43.3 |      28 |      20 |  41.7
      Orc:1 |    1718 |    4113 |  70.5 |      23 |       3 |  11.5
      Orc:2 |    3931 |   14060 |  78.2 |      38 |      70 |  64.8
      Sewer |       0 |      34 | 100.0 |       0 |      10 | 100.0
    Volcano |       0 |    6102 | 100.0 |       0 |      14 | 100.0
   Gauntlet |       0 |    4294 | 100.0 |       0 |      10 | 100.0
            +---------+---------+-------+---------+---------+-------
